Map: Восточный дозор РВ

Players

Lambo

  • Race: Zerg Zerg
  • Spawn Location: 1:00

bly - Winner!

  • Race: Zerg Zerg
  • Spawn Location: 7:00

Event: WESG 2017 Haikou

VOD

Have the link to the VOD?

Description

Time

  • Played on: March 16, 2018, 12:29 a.m.
  • Length: 4:50

All games in this series

Show
View Real Time Build Order
Export as new Build Order

Lambo Zerg 

Build Orders: Hatch First 

Get SALT Encoding   

  12  0:01  Drone  
  13  0:14  Overlord  
  13  0:18  Drone  
  14  0:32  Drone x2  
  16  0:48  Hatchery  
  15  0:51  Drone  
  15  0:56  Drone  
  17  0:59  Drone  
  18  1:10  Extractor  
  17  1:14  Spawning Pool  
  17  1:17  Drone  
  17  1:20  Drone  
  18  1:29  Drone  
  19  1:41  Overlord  
  19  1:53  Drone  
  20  2:01  Queen x2  
  20  2:02  Zergling x2  
  20  2:03  Drone  
  26  2:09  Metabolic Boost  
  26  2:11  Drone  
  26  2:13  Drone  
  28  2:23  Drone  
  29  2:32  Drone  
  29  2:36  Hatchery  
  29  2:38  Drone  
  29  2:43  Drone  
  31  2:46  Overlord  
  31  2:48  Drone  
  32  2:54  Drone  
  32  3:00  Drone  
  33  3:08  Drone  
  33  3:09  Evolution Chamber  
  33  3:10  Zergling x4  
  33  3:11  Drone x2  
  37  3:13  Overlord  
  37  3:16  Drone  
  37  3:18  Drone  
  39  3:21  Drone  
  39  3:22  Drone  
  41  3:31  Drone  
  42  3:36  Drone  
  42  3:39  Drone  
  44  3:41  Roach Warren  
  44  3:42  Drone x3  
  44  3:44  Drone  
  46  4:00  Zergling x8  
  50  4:04  Overlord  
  50  4:08  Overlord, Zergling x2  
  49  4:10  Overlord  
  49  4:13  Zergling x2  
  49  4:14  Zergling x2  
  40  4:29  Drone  
  37  4:34  Drone  
Show
View Real Time Build Order
Export as new Build Order

bly Zerg - Winner!

Build Orders: Hatch First 

Get SALT Encoding   

  12  0:01  Drone  
  13  0:13  Overlord  
  13  0:17  Drone  
  14  0:31  Drone x2  
  17  0:35  Drone  
  17  0:52  Hatchery  
  16  0:58  Drone x2  
  18  1:07  Extractor  
  17  1:13  Spawning Pool  
  17  1:16  Drone  
  17  1:20  Drone  
  18  1:29  Drone  
  19  1:40  Overlord  
  19  1:50  Drone  
  20  1:59  Queen  
  20  2:01  Drone  
  23  2:03  Queen  
  23  2:04  Drone  
  26  2:12  Drone  
  26  2:14  Metabolic Boost  
  26  2:15  Drone  
  28  2:22  Drone  
  29  2:25  Drone  
  30  2:37  Overlord  
  30  2:38  Drone  
  30  2:39  Queen  
  33  2:46  Overlord  
  33  2:54  Drone  
  33  2:58  Drone x2  
  36  3:05  Drone  
  37  3:06  Lair  
  37  3:10  Zergling x2  
  37  3:11  Zergling x8  
  37  3:12  Zergling x4  
  44  3:22  Zergling x4  
  46  3:31  Overlord  
  46  3:33  Extractor  
  45  3:35  Extractor  
  44  3:49  Drone x4  
  44  3:50  Drone x3  
  44  3:52  Drone x2  
  53  3:58  Roach Warren  
  51  4:14  Nydus Network  
  59  4:46  Evolution Chamber  
Tags
 
Add a new tag
Caveats
  • Supply blocks, unpowered buildings, or Contaminate may cause inaccurate times.
  • Supply counts are checked every 10 seconds.